 Dungeon Crawl Stone Soup version 0.31-a0-846-gb3bcc0d938 (webtiles) character file.

Game seed: 12802763773381790573

41026 Joey1 the Severer (level 13, -2/126 HPs)
             Began as a Minotaur Berserker on Oct 2, 2023.
             Was a High Priest of Trog.
             Succumbed to a black mamba's poison
             ... on level 1 of the Snake Pit on Oct 3, 2023.
             The game lasted 00:41:19 (15540 turns).

Joey1 the Severer (Minotaur Berserker)             Turns: 15540, Time: 00:41:20

Health: -2/126     AC: 15    Str: 27    XL:     13   Next: 77%
Magic:  9/12       EV: 12    Int:  4    God:    Trog [*****.]
Gold:   347        SH:  5    Dex: 13    Spells: 12/12 levels left

rFire   + . .        b - +5 broad axe
rCold   . . .        r - +0 buckler
rNeg    . . .        u - +6 ring mail of the Orange Skies {Dex+3}
rPois   .            R - +2 hat
rElec   .            t - +0 cloak {rCorr}
rCorr   +            (no gloves)
SInv    .            (no boots)
Will    .....        e - amulet of faith
Stlth   +            O - +4 ring of slaying
HPRegen 0.41/turn    i - ring of protection from fire
MPRegen 0.13/turn

%: faith
@: lethally poisoned (-2 -> -35)
A: horns 2, retaliatory headbutt
a: Renounce Religion, Berserk, Trog's Hand, Brothers in Arms


You were on level 1 of the Snake Pit.
You worshipped Trog.
Trog was extremely pleased with you.
You visited 4 branches of the dungeon, and saw 17 of its levels.
You also visited: Bailey.

You collected 918 gold pieces.
You spent 571 gold pieces at shops.

Inventory:

Hand Weapons
 b - a +5 broad axe (weapon)
 c - a +6 eveningstar
 N - the +6 shillelagh "Devastator" {shatter}
   (You found it on level 9 of the Dungeon)
 S - a +0 demon trident
Missiles
 n - 18 boomerangs
 Y - 5 silver javelins
Armour
 p - a +0 plate armour
 r - a +0 buckler (worn)
 t - a +0 cloak of preservation (worn)
 u - the +6 ring mail of the Orange Skies (worn) {Dex+3}
   (You found it on level 2 of the Lair of Beasts)

   Dex+3:     It affects your dexterity (+3).
 R - a +2 hat (worn)
 Z - a +0 chain mail of fire resistance
Jewellery
 e - an amulet of faith (around neck)
 f - an amulet of the acrobat
 i - a ring of protection from fire (right hand)
 j - a +6 ring of intelligence
 x - an amulet of regeneration
 I - the ring "Mes Nixaom" {rN+ Str+4 Int+4}
   (You found it in a bailey)

   [ring of positive energy]

   Str+4:     It affects your strength (+4).
   Int+4:     It affects your intelligence (+4).
   rN+:       It protects you from negative energy.
 O - a +4 ring of slaying (left hand)
 Q - an amulet of magic regeneration
Wands
 l - a wand of charming (22)
 o - a wand of iceblast (31)
 s - a wand of flame (2)
 v - a wand of mindburst (15)
 G - a wand of polymorph (6)
 J - a wand of quicksilver (8)
Scrolls
 a - a scroll of revelation {unknown}
 d - 2 scrolls of immolation
 g - 3 scrolls of amnesia
 h - a scroll of noise
 m - 3 scrolls of poison
 q - 2 scrolls of silence
 C - a scroll of enchant weapon {unknown}
 E - 2 scrolls of enchant armour {unknown}
 F - a scroll of blinking {unknown}
 L - 3 scrolls of torment
 T - a scroll of fog {unknown}
 U - 2 scrolls of vulnerability {unknown}
Potions
 k - a potion of invisibility {unknown}
 z - a potion of enlightenment
 B - 3 potions of mutation
 D - 3 potions of might
 M - a potion of magic {unknown}
 P - 3 potions of resistance
 V - a potion of haste {unknown}
 W - 2 potions of brilliance {unknown}
 X - a potion of lignification {unknown}
Miscellaneous
 H - a phantom mirror


   Skills:
 - Level 15.0 Fighting
 - Level 18.0 Axes
 + Level 5.9 Armour
 + Level 4.2 Dodging
 - Level 5.0 Shields
 - Level 12.0 Evocations


You had 12 spell levels left.
You didn't know any spells.
Your spell library was empty.

Dungeon Overview and Level Annotations

Branches:
Dungeon (12/15)            Temple (1/1) D:7            Lair (3/5) D:11
 Shoals (0/4) Lair:2        Snake (1/4) Lair:3          Orc (0/2) D:11
 Bailey (visited)

Altars:
Ashenzari
Cheibriados
Dithmenos
Elyvilon
Fedhas
Gozag
Hepliaklqana
Kikubaaqudgha
Makhleb
Nemelex Xobeh
Okawaru
Qazlal
Ru
Sif Muna
Trog
Uskayaw
Vehumet
Wu Jian
Xom
Yredelemnul
Zin
The Shining One

Shops:
D:8 *   D:9 [   D:10 !   D:11 *

Annotations:
Lair:3 Nessos


Innate Abilities, Weirdness & Mutations

You have a pair of horns on your head.
You reflexively headbutt those who attack you in melee.


Message History

The mana viper bites you but does no damage.
You slash the mana viper!
The mana viper is almost dead.
You block the mana viper's attack.
Your iron troll bites the mana viper!!
The mana viper dies!
Trog accepts your kill.
Things that are here:
a black mamba corpse; an anaconda corpse You see here a +3 hand axe.
You see here a +0 falchion.
You start resting.
Your iron troll is no longer berserk.
Your iron troll disappears in a puff of smoke!
A black mamba comes into view.
The black mamba hisses angrily.
You slash the black mamba!
The black mamba is moderately wounded.
You hear an angry hiss.
The black mamba bites you!
* * * LOW HITPOINT WARNING * * *
You are poisoned.
The black mamba poisons you!
You hear a shout!
You completely miss the black mamba.
The black mamba is moderately wounded.
You feel very sick.
You hear an angry hiss.
The black mamba completely misses you.
You closely miss the black mamba.
The black mamba is moderately wounded.
You feel sick.
A black mamba comes into view.
The black mamba bites you!
* * * LOW HITPOINT WARNING * * *
You are more poisoned.
The black mamba poisons you! You block the black mamba's attack.
Okay, then.
As you read the scroll of fear, it crumbles to dust.
You assume a fearsome visage.
The black mamba looks frightened! x2
You die...

### .. .... ...
..# .... ##.##
#...# #...#
....##...#####
............## #
#...##S...###
#...#)..)@S†))..#
#...$..####)).#.#
#....### #...#
##... ###....
##.. ...... ###
..... ..... #...
###


You could see 2 black mambas.

Vanquished Creatures
  Gastronok (D:10)
  A catoblepas (Lair:3)
  6 two-headed ogres
  An anaconda (Snake:1)
  A hydra (Lair:3)
  Urug (D:11)
  Nergalle (D:11)
  Lodul (D:10)
  An orc knight (Bailey)
  2 salamanders
  3 manticores
  2 cyclopes (D:11)
  4 black mambas
  3 gargoyles
  A naga mage (Snake:1)
  A kobold demonologist (D:10)
  Jeremiah (D:7)
  4 cane toads
  3 komodo dragons
  2 trolls
  2 polar bears
  A wind drake (Lair:2)
  A hornet (Lair:1)
  Prince Ribbit (D:9)
  10 blink frogs
  A vampire (D:11)
  46 yaks
  4 wyverns
  A wraith (D:10)
  5 nagas
  An acid dragon (D:8)
  10 water moccasins
  7 orc warriors
  An ice beast (D:6)
  3 sky beasts
  5 black bears
  8 ogres
  15 wolves
  4 phantoms
  3 centaurs
  3 kobold brigands
  Blork the orc (D:5)
  12 bullfrogs
  A gnoll sergeant (D:11)
  2 scorpions
  3 wights (D:8)
  3 jellies
  A crimson imp (D:7)
  5 howler monkeys
  2 lava snakes (D:10)
  3 hounds (D:6)
  5 orc priests
  Crazy Yiuf (D:4)
  2 iguanas
  11 orc wizards
  Ijyb (D:5)
  4 gnolls (D:11)
  11 adders
  An ufetubus (D:5)
  4 worms
  2 dart slugs
  37 orcs
  2 bats
  12 endoplasms
  2 giant cockroaches (D:1)
  12 goblins
  6 hobgoblins
  24 kobolds
  2 quokkas
  6 ball pythons
  3 frilled lizards
  3 rats
356 creatures vanquished.

Vanquished Creatures (collateral kills)
  A naga warrior (Snake:1)
  A naga sharpshooter (Snake:1)
  3 mana vipers (Snake:1)
  A guardian serpent (Snake:1)
  A naga mage (Snake:1)
  2 nagas (Snake:1)
9 creatures vanquished.

Grand Total: 365 creatures vanquished

Notes
Turn   | Place    | Note
-------+----------+-------------------------------------------
     0 | D:1      | Joey1 the Minotaur Berserker began the quest for the Orb.
     0 | D:1      | Reached XP level 1. HP: 19/19 MP: 0/0
   139 | D:1      | Reached XP level 2. HP: 23/27 MP: 1/1
   425 | D:1      | Reached skill level 4 in Axes
   972 | D:2      | Reached XP level 3. HP: 33/33 MP: 2/2
   978 | D:2      | Reached ** piety under Trog
  1468 | D:2      | Found a faded altar of an unknown god.
  1494 | D:2      | Found an ancient bone altar of Kikubaaqudgha.
  2071 | D:3      | Reached XP level 4. HP: 39/40 MP: 3/3
  2205 | D:3      | Found an ancient bone altar of Kikubaaqudgha.
  2622 | D:4      | Reached *** piety under Trog
  2722 | D:4      | Reached skill level 5 in Axes
  2816 | D:4      | Noticed a bullfrog
  2830 | D:4      | Killed a bullfrog
  2831 | D:4      | Reached XP level 5. HP: 20/47 MP: 4/4
  2951 | D:4      | Noticed an ogre
  2956 | D:4      | Killed an ogre
  2957 | D:4      | Reached skill level 5 in Fighting
  2957 | D:4      | Reached skill level 6 in Axes
  3039 | D:4      | Reached XP level 6. HP: 43/56 MP: 5/5
  3093 | D:4      | Found a blossoming altar of Fedhas.
  3093 | D:4      | Found a bloodstained altar of Trog.
  3219 | D:4      | Found a radiant altar of Vehumet.
  3289 | D:4      | Found a runed translucent door.
  3290 | D:4      | Noticed Crazy Yiuf
  3369 | D:4      | Found a glowing silver altar of Zin.
  3369 | D:4      | Noticed an angel
  3651 | D:4      | Killed Crazy Yiuf
  3724 | D:5      | Entered Level 5 of the Dungeon
  3781 | D:5      | Noticed Ijyb
  3789 | D:5      | Killed Ijyb
  3790 | D:5      | Reached skill level 7 in Axes
  3879 | D:5      | Noticed Blork the orc
  3888 | D:5      | Killed Blork the orc
  3889 | D:5      | Reached skill level 5 in Armour
  3889 | D:5      | Reached skill level 1 in Shields
  3889 | D:5      | Reached XP level 7. HP: 46/61 MP: 6/6
  4137 | D:5      | Identified the +0 leather armour of the Saviour {Harm
                  | *Corrode Regen+ SInv}
  4221 | D:5      | Reached skill level 8 in Axes
  4708 | D:6      | Reached skill level 9 in Axes
  4790 | D:6      | Reached XP level 8. HP: 68/68 MP: 7/7
  4931 | D:6      | Reached **** piety under Trog
  5104 | D:6      | Reached skill level 10 in Axes
  5162 | D:6      | Reached skill level 5 in Shields
  5526 | D:6      | Reached skill level 11 in Axes
  5805 | D:7      | Found a staircase to the Ecumenical Temple.
  5961 | D:7      | Found a sparkling altar of Nemelex Xobeh.
  5976 | D:7      | Reached skill level 12 in Axes
  5976 | D:7      | Reached XP level 9. HP: 64/74 MP: 8/8
  6184 | D:7      | Noticed Jeremiah
  6355 | D:7      | Killed Jeremiah
  6356 | D:7      | Reached skill level 13 in Axes
  6697 | D:7      | Found a burning altar of Makhleb.
  6890 | Temple   | Entered the Ecumenical Temple
  6934 | D:8      | Noticed a gargoyle
  6948 | D:8      | Killed a gargoyle
  7152 | D:8      | Found a flagged portal.
  7167 | Bailey   | Entered a bailey
  7195 | Bailey   | Reached skill level 14 in Axes
  7329 | Bailey   | Reached ***** piety under Trog
  7752 | Bailey   | Reached skill level 17 in Axes
  7752 | Bailey   | Reached XP level 10. HP: 90/90 MP: 9/9
  7753 | Bailey   | Upgraded the game from 0.31-a0-845-g9abc20d24f to
                  | 0.31-a0-846-gb3bcc0d938
  7753 | Bailey   | Noticed an orc knight
  7763 | Bailey   | Killed an orc knight
  7778 | Bailey   | Identified the ring "Mes Nixaom" {rN+ Str+4 Int+4}
  7978 | D:8      | Noticed a two-headed ogre
  8008 | D:8      | Killed a two-headed ogre
  8008 | D:8      | Received a gift from Trog
  8009 | D:8      | Reached XP level 11. HP: 99/99 MP: 10/10
  8186 | D:8      | Reached skill level 10 in Fighting
  8617 | D:8      | Found Afreek's Elemental Accessories.
  8625 | D:8      | Bought a wand of iceblast (1) for 38 gold pieces
  8799 | D:9      | Noticed Prince Ribbit
  8816 | D:9      | Killed Prince Ribbit
  8817 | D:9      | Reached skill level 18 in Axes
  8915 | D:9      | Found Rukam's Antique Armour Emporium.
  8925 | D:9      | Reached skill level 1 in Evocations
  9118 | D:9      | Noticed a two-headed ogre
  9122 | D:9      | Killed a two-headed ogre
  9378 | D:9      | Noticed a two-headed ogre
  9386 | D:9      | Killed a two-headed ogre
  9508 | D:9      | Noticed a two-headed ogre
  9509 | D:9      | Found the +6 shillelagh "Devastator" {shatter}
  9514 | D:9      | Killed a two-headed ogre
  9792 | D:10     | Entered Level 10 of the Dungeon
  9795 | D:10     | Noticed a two-headed ogre
  9805 | D:10     | Killed a two-headed ogre
  9864 | D:10     | Noticed a two-headed ogre
  9892 | D:10     | Killed a two-headed ogre
  9964 | D:10     | Noticed Lodul
  9969 | D:10     | Reached skill level 5 in Evocations
 10033 | D:10     | Killed Lodul
 10237 | D:10     | Noticed Gastronok
 10243 | D:10     | Killed Gastronok
 10244 | D:10     | Reached XP level 12. HP: 113/113 MP: 11/11
 10457 | D:10     | Found Tipsarch's Distillery.
 10852 | D:10     | Bought a potion of heal wounds for 80 gold pieces
 10852 | D:10     | Bought a potion of heal wounds for 80 gold pieces
 10852 | D:10     | Bought a potion of resistance for 160 gold pieces
 10852 | D:10     | Bought a potion of curing for 48 gold pieces
 11182 | D:11     | Found a staircase to the Lair.
 11240 | D:11     | Found a staircase to the Orcish Mines.
 11255 | D:11     | Found Suf Amno's Assorted Antiques.
 11273 | D:11     | Bought a scroll labelled FETIQU JURREQO for 30 gold pieces
 11273 | D:11     | Bought a bubbling coppery potion for 27 gold pieces
 11273 | D:11     | Bought a grey potion for 27 gold pieces
 11273 | D:11     | Bought a purple potion for 27 gold pieces
 11273 | D:11     | Bought a lumpy brown potion for 27 gold pieces
 11273 | D:11     | Bought a sedimented emerald potion for 27 gold pieces
 11276 | D:11     | Noticed Nergalle
 11282 | D:11     | Killed Nergalle
 11326 | D:11     | Received a gift from Trog
 11915 | Lair:1   | Entered Level 1 of the Lair of Beasts
 11956 | Lair:1   | Noticed Urug
 12189 | D:11     | Killed Urug
 12334 | Lair:1   | Reached XP level 13. HP: 118/125 MP: 12/12
 12680 | Lair:1   | Reached skill level 15 in Fighting
 13811 | Lair:2   | Reached skill level 10 in Evocations
 13890 | Lair:2   | Found a staircase to the Shoals.
 13935 | Lair:2   | Identified the +6 ring mail of the Orange Skies {Dex+3}
 14574 | Lair:3   | Reached ****** piety under Trog
 14754 | Lair:3   | Noticed Nessos
 15417 | Lair:3   | Found a staircase to the Snake Pit.
 15439 | Snake:1  | Entered Level 1 of the Snake Pit
 15488 | Snake:1  | Received a gift from Trog
 15539 | Snake:1  | HP: 6/126 [black mamba[a naga ritualist] (13)]
 15540 | Snake:1  | Succumbed to a black mamba's poison

Illustrated notes

Levels and vault maps discovered:
D:1:      lemuel_arrival_behind_the_door_large, layout_loops_corners,
          minmay_curled_crystal
D:2:      layout_basic, basic_altar, hellmonk_ecumenical_altar_leap_of_faith
D:3:      layout_rooms, mainiacjoe_overflow_cross_hatched
D:4:      layout_basic, zin_angel, gammafunk_temple_overflow_statue,
          lemuel_tele_altar, serial_bayou, serial_bayou_pond_e,
          serial_bayou_crossing, serial_bayou_ford_a, serial_bayou_pond_d,
          uniq_crazy_yiuf_cottage
D:5:      layout_loops_ring, uniq_blork_the_orc, uniq_ijyb
D:6:      layout_loops_corners
D:7:      layout_basic, makhleb_grotto_becter, nemelex_altar_shiori,
          minmay_temple_entry_wispy, uniq_jeremiah
D:8:      layout_loops_ring, enter_bailey_3, hangedman_decor_diamond_cutter,
          chequers_avenue, nicolae_elemental_shop
D:9:      layout_rooms, serial_shops, shop, dilly_guarded_unrand_devastator,
          uniq_prince_ribbit1
D:10:     layout_long_grid, nicolae_inconvenience_store, uniq_gastronok,
          uniq_lodul
D:11:     layout_gridville, due_lair_maze_entry_diamond, orc_0_dummy,
          serial_shops, shop, uniq_nergalle
D:12:     layout_cave_pods, uniq_fannar
Temple:   nicolae_temple_bog_church
Lair:1:   layout_regular_city, uniq_urug
Lair:2:   layout_cave_pods, minmay_shoals_entry_beasts
Lair:3:   layout_chaotic_city, alex1729_snake_entry_snake, uniq_nessos,
          uniq_amaemon
Snake:1:  layout_misc_corridors, serial_shops, shop, minmay_shoptagon

Skill      XL: |  1  2  3  4  5  6  7  8  9 10 11 12 13 |
---------------+----------------------------------------+-----
Axes           | 4 5 6 7 9 12 17 18 | 18.0
Fighting       | 4 5 8 9 12 14 15 | 15.0
Armour         | 3 4 5 |  5.9
Dodging        | 3 4 |  4.2
Shields        | 1 4 5 |  5.0
Evocations     | 5 8 12 | 12.0

Action                     |  1- 3 |  4- 6 |  7- 9 | 10-12 | 13-15 || total
---------------------------+-------+-------+-------+-------+-------++-------
  Melee: Hand axe          |   107 |    96 |    91 |       |       ||   294
         Headbutt          |     9 |    19 |    48 |    57 |    52 ||   185
         Punch             |       |     1 |       |       |       ||     1
         War axe           |       |       |   217 |    11 |       ||   228
         Broad axe         |       |       |       |   315 |   173 ||   488
         Eveningstar       |       |       |       |       |     2 ||     2
 Invoke: Berserk           |       |     3 |     3 |    10 |       ||    16
         Trog's Hand       |       |       |     2 |     1 |     1 ||     4
         Brothers in Arms  |       |       |       |       |     2 ||     2
    Use: Scroll            |       |     1 |     2 |     8 |     5 ||    16
         Potion            |       |       |     1 |       |     8 ||     9
 Armour: Animal skin       |    43 |       |       |       |       ||    43
         Leather armour    |     2 |    27 |       |       |       ||    29
         Plate armour      |       |    25 |   253 |   239 |    53 ||   570
         Ring mail         |       |       |       |       |    82 ||    82
  Dodge: Dodged            |    62 |    39 |    80 |    91 |    69 ||   341
  Block: Buckler           |       |     1 |    34 |    64 |    32 ||   131

Table legend: (Time is in decaauts)
 A = Elapsed time spent in this place.
 B = Non-inter-level travel time spent in this place.
 C = Inter-level travel time spent in this place.
 D = Time resting spent in this place.
 E = Time spent auto-exploring this place.
 F = Levels seen in this place.
 G = Mean time per level.
                   A        B        C        D        E       F      G
               +--------+--------+--------+--------+--------+-----+--------+
         Total |  15572 |  15065 |    507 |   2915 |   9352 |  18 |  865.1 |
       Dungeon |  11552 |  11119 |    433 |   2159 |   7121 |  12 |  962.7 |
        Temple |      1 |      1 |      0 |      0 |      0 |   1 |    1.0 |
          Lair |   3132 |   3058 |     74 |    385 |   2115 |   3 | 1044.0 |
     Snake Pit |    107 |    107 |      0 |     14 |      0 |   1 |  107.0 |
        Bailey |    778 |    778 |      0 |    357 |    116 |   1 |  778.0 |
               +--------+--------+--------+--------+--------+-----+--------+

Top non-repeatable levels by time:
  Lair:2: 1436 daAuts
     D:8: 1339 daAuts
    D:10: 1300 daAuts
     D:4: 1181 daAuts
     D:7: 1148 daAuts
  Lair:1: 1130 daAuts
     D:6: 1123 daAuts
    D:11: 1101 daAuts
     D:1: 970 daAuts
     D:2: 952 daAuts
     D:5: 903 daAuts
     D:9: 839 daAuts
  Bailey: 778 daAuts
     D:3: 683 daAuts
  Lair:3: 564 daAuts
